 Dungeon Crawl Stone Soup version 0.22.1-2-g9c5b331383 (webtiles) character file.

152 Kniotic the Conjurer (level 4, -1/33 HPs)
             Began as a Demigod Air Elementalist on Dec 7, 2018.
             Splashed by Ijyb's acid (12 damage)
             ... on level 3 of the Dungeon.
             The game lasted 00:07:39 (3505 turns).

Kniotic the Conjurer (Demigod Air Elementalist)     Turns: 3505, Time: 00:07:39

Health: -1/33      AC:  4    Str: 11    XL:     4   Next: 87%
Magic:  6/10       EV: 12    Int: 21    God:
Gold:   106        SH:  0    Dex: 16    Spells: 7/8 levels left

rFire    . . .     SeeInvis .   e - +0 dagger
rCold    . . .     Gourm    .   (no shield)
rNeg     . . .     Faith    .   a - +0 robe
rPois    .         Spirit   .   (no helmet)
rElec    .         Reflect  .   q - +0 cloak
rCorr    .         Harm     .   b - +0 pair of gloves
MR       .....                  (no boots)
Stlth    ++........             (no amulet)
HPRegen  0.11/turn              (no ring)
MPRegen  0.12/turn              (no ring)

@: very slightly contaminated
A: high mp 1
a: no special abilities


You were on level 3 of the Dungeon.
You were not hungry.

You visited 1 branch of the dungeon, and saw 3 of its levels.

You collected 106 gold pieces.

Inventory:

Hand Weapons
 e - a +0 dagger (weapon)
Armour
 a - a +0 robe (worn)
 b - a +0 pair of gloves (worn)
 q - a +0 cloak (worn)
Jewellery
 n - an uncursed amulet of magic regeneration {unknown}
Scrolls
 g - a scroll of remove curse {unknown}
 h - a scroll of immolation {unknown}
 i - 5 scrolls of identify {unknown}
 k - a scroll of random uselessness {unknown}
 l - 2 scrolls of amnesia {unknown}
Potions
 d - a potion of magic {unknown}
 f - a potion of flight {unknown}
 j - 3 potions of heal wounds {unknown}
 m - a potion of agility {unknown}
 o - a potion of mutation {unknown}
Comestibles
 c - 4 rations
 p - 5 chunks of flesh


   Skills:
 - Level 1.7 Dodging
 - Level 1.7 Stealth
 - Level 1.8 Unarmed Combat
 + Level 2.6 Spellcasting
 * Level 3.3 Conjurations
 - Level 2.6 Air Magic


You had 7 spell levels left.
You knew the following spells:

 Your Spells              Type           Power        Failure   Level  Hunger
a - Shock                 Conj/Air       ###.         4%          1    None

Your spell library contained the following spells:

 Spells                   Type           Power        Failure   Level  Hunger
 Magic Dart               Conj           ###.         3%          1    None
 Swiftness                Chrm/Air       #.......     12%         2    ##.....
 Static Discharge         Conj/Air       ###.....     12%         3    ###....
 Mephitic Cloud           Conj/Pois/Air  ##......     19%         3    ###....
 Blink                    Tloc           N/A          22%         2    ##.....
 Call Imp                 Summ           #.......     22%         2    ##.....
 Slow                     Hex            #.......     22%         2    ##.....
 Conjure Flame            Conj/Fire      #.......     22%         3    ###....
 Airstrike                Air            ##........   41%         4    ####...
 Lightning Bolt           Conj/Air       ###.......   75%         5    ######.


Dungeon Overview and Level Annotations

Branches:
Dungeon (3/15)

Annotations:
D:3 Ijyb


Innate Abilities, Weirdness & Mutations

You have an increased reservoir of magic. (+10% MP)


Message History

You are very lightly contaminated with residual magic.
Nothing appears to happen.
Casting: Shock (safe; 4% risk of failure)
Confirm with . or Enter, or press ? or * to list all spells.
Aiming: Shock (safe; 4% risk of failure)
Press: ? - help, Shift-Dir - straight line, f/p - Ijyb
Aim: Ijyb, wielding a club and wearing a leather armour (lightly wounded)
The zap hits Ijyb.
Ijyb appears unharmed.
Ijyb is lightly wounded.
Casting: Shock (safe; 4% risk of failure)
Confirm with . or Enter, or press ? or * to list all spells.
Aiming: Shock (safe; 4% risk of failure)
Press: ? - help, Shift-Dir - straight line, f/p - Ijyb
Aim: Ijyb, wielding a club and wearing a leather armour (lightly wounded)
The zap hits Ijyb.
Ijyb is moderately wounded.
Ijyb zaps a wand.
The bolt of acid hits you!
Ouch! That really hurt!
You are splashed with acid!
The acid burns!
You die...

#.#........#...........
##.####.###.##...######.
#.........#.##...# #.
#######.#.#.##...######.
#.......#.#..'..........
##.####.#.####...#######
#.# #.#.# #...# #.#
#.#.# #...# #.# #@#.#
#...# #.# #.#.# #####
#.# #.#.# #.# #g#.# #<#
#.#.# ##.####.#+####
#............#
########.....# ..g..#


You could see Ijyb.

Vanquished Creatures
  A scorpion (D:2)
  3 adders
  A worm (D:2)
  4 dart slugs
  2 leopard geckos (D:1)
  A ball python (D:1)
  5 giant cockroaches
  5 goblins
  11 hobgoblins
  2 jackals (D:1)
  11 kobolds
  6 bats
  3 frilled lizards
  4 rats
59 creatures vanquished.

Notes
Turn   | Place    | Note
-------+----------+-------------------------------------------
     0 | D:1      | Kniotic the Demigod Air Elementalist began the quest for
                  | the Orb.
     0 | D:1      | Reached XP level 1. HP: 14/14 MP: 5/5
    16 | D:1      | Reached skill level 1 in Conjurations
   467 | D:1      | Reached XP level 2. HP: 20/20 MP: 5/7
  1051 | D:1      | Reached skill level 1 in Unarmed Combat
  1144 | D:1      | Reached skill level 2 in Conjurations
  1530 | D:1      | Reached XP level 3. HP: 26/26 MP: 0/8
  2419 | D:2      | Noticed a scorpion
  2445 | D:2      | Killed a scorpion
  2445 | D:2      | Reached XP level 4. HP: 29/33 MP: 2/10
  2721 | D:2      | Reached skill level 3 in Conjurations
  3379 | D:3      | Noticed Ijyb
  3505 | D:3      | Splashed by Ijyb's acid

Skill      XL: |  1  2  3  4 |
---------------+-------------+-----
Conjurations   | 1 2 3 |  3.3
Spellcasting   | 2 |  2.6
Unarmed Combat | 1 |  1.8
Dodging        | |  1.7
Stealth        | |  1.7
Air Magic      | |  2.6

Action                   |  1- 3 |  4- 6 || total
-------------------------+-------+-------++-------
Melee: Dagger            |    41 |     7 ||    48
 Cast: Shock             |    78 |    65 ||   143
  Eat: Chunk             |     4 |     5 ||     9
Armor: Robe              |    22 |     4 ||    26
Dodge: Dodged            |    67 |    13 ||    80
